 Dungeon Crawl Stone Soup version 0.17-a0-2055-gb4e23be (webtiles) character file.

3901 inmateoo the Zephyrmancer (level 10, -1/53 HPs)
             Began as a Tengu Air Elementalist on Oct 11, 2015.
             Was an Elder of Vehumet.
             Slain by a troll (20 damage)
             ... on level 8 of the Dungeon on Oct 12, 2015.
             The game lasted 00:39:28 (9147 turns).

inmateoo the Zephyrmancer (Tengu Air Elementalist)  Turns: 9147, Time: 00:39:28

Health: -1/53      AC:  5    Str:  9    XL:     10   Next: 20%
Magic:  3/18       EV: 16    Int: 19    God:    Vehumet [****..]
Gold:   471        SH:  0    Dex: 14    Spells: 5 memorised, 5 levels left

rFire  . . .     SeeInvis .     k - +5 rapier (venom)
rCold  . . .     Clarity  .     a - +1 robe
rNeg   . . .     SustAt   .     (no shield)
rPois  .         Gourm    .     (helmet restricted)
rElec  .         Spirit   .     B - +0 cloak
rCorr  .         Warding  .     i - +0 pair of gloves
rMut   .         Stasis   .     (boots unavailable)
MR     .....                    (no amulet)
Stlth  +++.......               (no ring)
                                (no ring)

@: repel missiles, not resistant to hostile enchantments, fairly stealthy
A: beak, talons 3, wild magic 1, able to fly 1
a: Fly, Renounce Religion


You were on level 8 of the Dungeon.
You worshipped Vehumet.
Vehumet was greatly pleased with you.
You were hungry.

You visited 2 branches of the dungeon, and saw 9 of its levels.
You also visited: Ossuary.

You collected 471 gold pieces.

Inventory:

Hand Weapons
 k - a +5 rapier of venom (weapon)
 o - a +2 dagger of flaming
 y - the +0 hand crossbow "Xoituf" {flame, rPois MR+ Stlth+}
   (You found it on level 7 of the Dungeon)

   It causes projectiles fired from it to burn those they strike, causing extra
   injury to most foes and up to half again as much damage against particularly
   susceptible opponents.
   It protects you from poison.
   It affects your resistance to hostile enchantments.
   It makes you more stealthy.
Missiles
 r - 4 throwing nets (quivered)
Armour
 a - a +1 robe (worn)
 i - a +0 pair of gloves (worn)
 l - a fire dragon hide
 B - a +0 cloak (worn)
Wands
 t - a wand of random effects (28)
 v - a wand of magic darts (34)
 x - a wand of disintegration (14)
Scrolls
 d - 2 scrolls of recharging
 f - 3 scrolls of teleportation
 p - 2 scrolls of noise
 s - 4 scrolls of remove curse
 w - a scroll of fog
Potions
 e - 3 potions of flight
 g - 5 potions of curing
 h - 3 potions of agility
 m - 2 potions of heal wounds
 n - 2 potions of brilliance
 q - 3 potions of might
 u - a potion of cancellation
Books
 b - a book of Air

   Spells                             Type                      Level
   a - Shock                          Conjuration/Air              1
   b - Swiftness                      Charms/Air                   2
   c - Repel Missiles                 Charms/Air                   2
   d - Static Discharge               Conjuration/Air              3
   e - Lightning Bolt                 Conjuration/Air              5
Comestibles
 c - 7 bread rations
 z - 6 beef jerkies


   Skills:
 - Level 2.0 Fighting
 + Level 7.1 Short Blades
 + Level 7.4 Dodging
 + Level 6.2 Stealth
 - Level 0.7 Unarmed Combat
 + Level 4.9 Spellcasting
 + Level 7.0 Conjurations
 + Level 8.4 Air Magic


You had 5 spell levels left.
You knew the following spells:

 Your Spells              Type           Power        Failure   Level  Hunger
a - Shock                 Conj/Air       ####         1%          1    None
b - Repel Missiles        Chrm/Air       ####..       11%         2    #......
c - Swiftness             Chrm/Air       ####....     11%         2    #......
d - Static Discharge      Conj/Air       ######..     1%          3    ##.....
e - Lightning Bolt        Conj/Air       ######....   9%          5    ######.


Dungeon Overview and Level Annotations

Branches:
Dungeon (8/15)             Temple (1/1) D:4
   Lair: D:8-11

Altars:
Dithmenos
Fedhas
Gozag
Kikubaaqudgha
Makhleb
Nemelex Xobeh
Okawaru
Qazlal
Ru
Trog
Vehumet
Yredelemnul
Zin
The Shining One

Annotations:
D:3 exclusions: phantom and rat
D:4 Sigmund


Innate Abilities, Weirdness & Mutations

You have a beak for a mouth.
You have claws for feet.
You can fly.
Your spells are a little harder to cast, but a little more powerful.


Message History

Unknown command.
Casting: Lightning Bolt
Confirm with . or Enter, or press ? or * to list all spells.
The troll is struck by lightning.
The troll is heavily wounded.
The lightning arcs!
You are struck by lightning.
The lightning grounds out.
The troll bites you! The troll claws you! The troll claws you.
Unknown command.
Unknown command.
Casting: Static Discharge
Confirm with . or Enter, or press ? or * to list all spells.
The troll is struck by lightning.
The troll is severely wounded.
The lightning arcs!
You are struck by lightning.
The lightning arcs!
The troll is struck by lightning.
The troll is almost dead.
The lightning grounds out.
You are feeling hungry.
The troll bites you!!
You die...

#.# #.# #.# ........# #.# ##.#
.......# #.# .#.##### ......# #.#
.......+ .....## #.# ##.#####
.....# #.# #.# #....# #.# #.#
#.T..# #.# ##.### #.@..# #.#
.....## #....# #.#
####..######.##....###.##########
##...............).....).........
.........#......####.############
.........#...... #.#
.........#...... #.#
.........#...... #.#
######+#.#..... #.#


You could see a troll.

Vanquished Creatures
  The ghost of pk666 the Thaumaturge, a novice DEWz of Sif Muna (D:7)
  Grinder (D:5)
  Duvessa (D:5)
  2 ice beasts
  4 ogres
  A sky beast (D:5)
  2 phantoms
  5 big kobolds (D:5)
  2 giant frogs
  Dowan (D:5)
  11 scorpions
  2 crimson imps (D:6)
  5 hounds
  2 centaur zombies (Ossuary)
  A giant frog zombie (D:5)
  3 human zombies (Ossuary)
  3 orc wizards
  Crazy Yiuf (D:7)
  A giant frog skeleton (D:5)
  2 orc priests
  2 iguanas
  7 worker ants
  A big kobold zombie (Ossuary)
  3 mummies (Ossuary)
  5 gnolls
  6 scorpion zombies (Ossuary)
  17 adders
  A shadow imp (D:5)
  An ooze (D:1)
  4 worms
  6 giant geckos
  20 orcs
  9 bats
  6 giant cockroaches
  3 gnoll zombies (Ossuary)
  12 goblins
  18 hobgoblins
  14 jackals
  2 quokkas (D:5)
  4 giant newts
  2 goblin zombies (Ossuary)
  2 hobgoblin zombies (Ossuary)
  A jackal zombie (D:7)
  40 kobolds
  2 kobold zombies (Ossuary)
  3 quokka skeletons
  A quokka zombie (D:6)
  6 rats
249 creatures vanquished.

Notes
Turn   | Place    | Note
--------------------------------------------------------------
     0 | D:1      | inmateoo the Tengu Air Elementalist began the quest for the Orb.
     0 | D:1      | Reached XP level 1. HP: 10/10 MP: 4/4
   153 | D:1      | Reached XP level 2. HP: 15/15 MP: 0/6
   157 | D:1      | Learned a level 2 spell: Repel Missiles
   160 | D:1      | Learned a level 2 spell: Swiftness
   587 | D:1      | Reached XP level 3. HP: 13/19 MP: 1/7
   652 | D:1      | Reached skill level 5 in Air Magic
  1322 | D:2      | Reached XP level 4. HP: 24/24 MP: 1/8
  1511 | D:2      | Learned a level 3 spell: Static Discharge
  1663 | D:2      | Reached skill level 1 in Fighting
  1966 | D:3      | Gained mutation: You can fly. [Tengu growth]
  1966 | D:3      | Reached XP level 5. HP: 18/29 MP: 1/10
  2442 | D:3      | Noticed a phantom
  2815 | D:4      | Noticed Sigmund
  2860 | D:4      | Noticed an ogre
  3088 | D:4      | Killed an ogre
  3088 | D:4      | Reached skill level 6 in Air Magic
  3088 | D:4      | Reached XP level 6. HP: 34/34 MP: 2/11
  3509 | D:4      | Reached skill level 1 in Short Blades
  3586 | D:4      | Found a staircase to the Ecumenical Temple.
  3597 | Temple   | Entered the Ecumenical Temple
  3688 | Temple   | Became a worshipper of Vehumet
  3786 | D:4      | Reached XP level 7. HP: 29/40 MP: 12/12
  4103 | D:5      | Entered Level 5 of the Dungeon
  4103 | D:5      | Noticed Grinder
  4161 | D:5      | Killed Grinder
  5000 | D:5      | Found an opulent altar of Gozag.
  5000 | D:5      | Found an iron altar of Okawaru.
  5001 | D:5      | Found a glowing silver altar of Zin.
  5056 | D:5      | Acquired Vehumet's first power
  5056 | D:5      | Offered knowledge of Magic Dart by Vehumet.
  5151 | D:5      | Noticed Duvessa
  5151 | D:5      | Noticed Dowan
  5457 | D:5      | Reached XP level 8. HP: 42/44 MP: 10/13
  5457 | D:5      | Reached skill level 5 in Short Blades
  5457 | D:5      | Reached skill level 5 in Dodging
  5920 | D:5      | Killed Duvessa
  5927 | D:5      | Killed Dowan
  5993 | D:5      | Gained mutation: Your spells are a little harder to cast, but a little more powerful. [mutagenic meat]
  6020 | D:5      | Offered knowledge of Flame Tongue by Vehumet.
  6439 | D:6      | Reached skill level 7 in Short Blades
  6439 | D:6      | Reached XP level 9. HP: 45/48 MP: 14/14
  6761 | D:6      | Offered knowledge of Stone Arrow by Vehumet.
  6779 | D:6      | Reached skill level 5 in Conjurations
  6921 | D:6      | Found a stormy altar of Qazlal.
  7227 | D:7      | Got a slimy hand crossbow
  7228 | D:7      | Identified the cursed +0 hand crossbow "Xoituf" {flame, rPois MR+ Stlth+} (You found it on level 7 of the Dungeon)
  7256 | D:7      | Acquired Vehumet's second power
  7263 | D:7      | Learned a level 5 spell: Lightning Bolt
  7275 | D:7      | Noticed Crazy Yiuf
  7279 | D:7      | Killed Crazy Yiuf
  7305 | D:7      | Noticed pk666's ghost (novice DEWz)
  7314 | D:7      | Killed pk666's ghost
  7314 | D:7      | Reached skill level 5 in Stealth
  7372 | D:7      | Found a sand-covered staircase.
  7381 | Ossuary  | Entered an ossuary
  7973 | Ossuary  | Offered knowledge of Inner Flame by Vehumet.
  8231 | Ossuary  | Reached skill level 8 in Air Magic
  8334 | Ossuary  | Reached XP level 10. HP: 53/53 MP: 13/17
  8787 | D:7      | Acquired Vehumet's third power
  9147 | D:8      | Slain by a troll

Vault maps used:
D:1:      scummos_arrival_hexagon
D:3:      first_bread
D:4:      minmay_temple_entry_statues, uniq_sigmund
D:5:      minmay_goblin_kobold_castle, gammafunk_temple_overflow_claw,
          kennysheep_generic_room_13, uniq_duvessa, uniq_grinder
D:6:      hangedman_glass_teeth, hangedman_abyss_or_decor_stagger,
          kennysheep_cross_bottleneck, nicolae_qazlal_eye_of_the_storm
D:7:      lightli_ossuary_entry_decrepit_ruins, grunt_ogre_cave,
          uniq_crazy_yiuf_cottage
D:8:      minitemple
Temple:   bh_familiar_temple
Ossuary:  ossuary_minmay_scorpions

Action                   |  1- 3 |  4- 6 |  7- 9 | 10-12 || total
-------------------------+-------+-------+-------+-------++-------
Melee: Unarmed           |    19 |       |       |       ||    19
       Spear             |     7 |       |       |       ||     7
       Dagger            |     3 |       |       |       ||     3
       Rapier            |       |   117 |   259 |    38 ||   414
 Cast: Shock             |    58 |    44 |   144 |    20 ||   266
       Repel Missiles    |     1 |     1 |     2 |       ||     4
       Static Discharge  |       |     9 |    29 |     3 ||    41
       Lightning Bolt    |       |       |     1 |     1 ||     2
Evoke: Wand              |       |       |     3 |       ||     3
  Use: Scroll            |     5 |     7 |    13 |     3 ||    28
       Potion            |       |     2 |     3 |     1 ||     6
 Stab: Sleeping          |     1 |     2 |     6 |     2 ||    11
       Distracted        |       |       |     2 |       ||     2
  Eat: Chunk             |     2 |     6 |     9 |       ||    17
       Fruit             |       |     1 |     3 |       ||     4
       Pizza             |       |     1 |       |       ||     1
       Beef jerky        |       |       |     2 |       ||     2
       Meat ration       |       |       |     1 |       ||     1
       Bread ration      |       |       |     1 |       ||     1
